 Dungeon Sprint DCSS version 0.17-a0-1174-ge06b3cc (webtiles) character file.

3777 nuthulu the Bludgeoner (level 10, 0/196 HPs)
             Began as an Ogre Berserker on May 29, 2015.
             Was an Elder of Trog.
             Slain by a demonic crawler (10 damage)
             ... in the Dungeon (Sprint I: "Red Sonja").
             The game lasted 00:05:14 (1841 turns).

nuthulu the Bludgeoner (Ogre Berserker)             Turns: 1841, Time: 00:05:15

Health: 0/196      AC:  3    Str: 31    XL:     10   Next: 16%
Magic:  10/10      EV: 14    Int:  6    God:    Trog [****..]
Gold:   744        SH:  0    Dex: 10    Spells: 0 memorised, 9 levels left

rFire  . . .     SeeInvis .     j - +0 giant club
rCold  . . .     Clarity  .     b - +0 animal skin
rNeg   . . .     SustAt   .     (no shield)
rPois  .         Gourm    .     (helmet restricted)
rElec  .         Spirit   .     (no cloak)
rCorr  .         Warding  .     (gloves unavailable)
rMut   .         NoTele   +     (boots unavailable)
MR     +....                    (no amulet)
Stlth  ..........               (no ring)
                                (no ring)

@: berserking, very quick, somewhat resistant to hostile enchantments, extremely
unstealthy
A: unfitting armour, tough skin 1
a: Burn Spellbooks, Berserk, Trog's Hand, Brothers in Arms, Renounce Religion


You were in the Dungeon.
You worshipped Trog.
Trog was greatly pleased with you.
You were not hungry.

You visited 1 branch You collected 953 gold pieces.
You spent 209 gold pieces at shops.

Inventory:

Hand weapons
 a - a +0 mace
 j - a +0 giant club (weapon)
Armour
 b - a +0 animal skin (worn)
Scrolls
 c - 2 scrolls of remove curse
 d - a scroll of recharging {unknown}
 i - a scroll of blinking
Potions
 f - 4 potions of curing
 g - 3 potions of magic
 k - a potion of mutation {unknown}


   Skills:
 * Level 17.1 Fighting
 * Level 17.2 Maces & Flails
 * Level 11.7 Dodging
 - Level 1.0 Stealth


You had 9 spell levels left.
You didn't know any spells.

Dungeon Overview and Level Annotations

Branches:
Dungeon (1/1)

Altars:
Cheibriados
Dithmenos
Elyvilon
Fedhas
Gozag
Kikubaaqudgha
Makhleb
Nemelex Xobeh
Okawaru
Qazlal
Ru
Sif Muna
Trog
Vehumet
Xom
Yredelemnul
Zin
The Shining One
Jiyva

Shops:
D **[

Annotations:
D exclusion: oklob plant


Innate Abilities, Weirdness & Mutations

You are too large for most types of armour.
You have tough skin (AC +1).


Message History

Your ogre dies!
Your ogre's corpse disappears in a puff of smoke!
There is an open door here.
You see here 2 poisoned tomahawks.
Drink which item? (? for menu, Esc to quit)
You feel much better.
Drink which item? (? for menu, Esc to quit)
A red film seems to cover your vision as you go berserk!
You feel yourself moving faster!
You feel mighty! The demonic crawler hits you!
* * * LOW HITPOINT WARNING * * *
The demonic crawler hits you!
* * * LOW HITPOINT WARNING * * *
The demonic crawler hits you but does no damage.
You bludgeon the demonic crawler!!
The demonic crawler is heavily wounded.
The demonic crawler hits you.
* * * LOW HITPOINT WARNING * * *
The demonic crawler completely misses you.
The demonic crawler hits you!
You die...

######################
..'..#..'..#__#.@ss†.#
).#..').#..'..'..#)..##+#
####'#####'#__####...†..#
###..#...#[####..#####..+
__####.(##.#≈≈§.§#§.# ##
_..__##'#..+≈§§§.§§§#
_.∩...'.(._#≈§≈§§#.§#
_..._##_(#'##)#####+#
_____###'#.#[)..###P+


You could see 2 demonic crawlers.

Vanquished Creatures
  2 centaur warriors (D)
  A deep troll (D)
  2 kobold demonologists (D)
  A demonic crawler (D)
  A slime creature (D)
  Sigmund (D)
  A yak (D)
  A wasp (D)
  An ogre (D)
  Ijyb (D)
  A jelly (D)
  A giant eyeball (D)
  A giant spore (D)
  3 ballistomycetes (D)
18 creatures vanquished.

Vanquished Creatures (collateral kills)
  Sonja (D)
  A demonic crawler (D)
2 creatures vanquished.

Vanquished Creatures (others)
  A gargoyle (D)
  An ogre (D)
  A giant spore (D)
3 creatures vanquished.

Grand Total: 23 creatures vanquished

Notes
Turn   | Place    | Note
--------------------------------------------------------------
     0 | D        | nuthulu the Ogre Berserker began the quest for the Orb.
     0 | D        | Reached XP level 1. HP: 24/24 MP: 1/1
     1 | D        | Noticed Ijyb
    18 | D        | Killed Ijyb
    18 | D        | Reached skill level 6 in Fighting
    18 | D        | Reached XP level 2. HP: 11/36 MP: 2/2
    18 | D        | Reached XP level 3. HP: 13/44 MP: 3/3
   240 | D        | Noticed an ogre
   250 | D        | Killed an ogre
   250 | D        | Reached skill level 7 in Fighting
   250 | D        | Reached skill level 5 in Dodging
   250 | D        | Reached XP level 4. HP: 32/57 MP: 4/4
   375 | D        | Killed a gargoyle
   480 | D        | Noticed Sigmund
   488 | D        | Killed Sigmund
   488 | D        | Acquired Trog's second power
   488 | D        | Reached skill level 10 in Fighting
   488 | D        | Reached skill level 10 in Maces & Flails
   488 | D        | Reached XP level 5. HP: 68/68 MP: 5/5
   488 | D        | Reached XP level 6. HP: 78/78 MP: 6/6
   531 | D        | Found a deep blue altar of Sif Muna.
   532 | D        | Noticed a jelly
   535 | D        | Found a radiant altar of Vehumet.
   538 | D        | Killed a jelly
   570 | D        | Found Goxt's Assorted Antiques.
   570 | D        | Found a white marble altar of Elyvilon.
   570 | D        | Found a stormy altar of Qazlal.
   570 | D        | Found a burning altar of Makhleb.
   570 | D        | Found a sacrificial altar of Ru.
   570 | D        | Found a basalt altar of Yredelemnul.
   570 | D        | Found a glowing golden altar of the Shining One.
   570 | D        | Found a sparkling altar of Nemelex Xobeh.
   570 | D        | Found a shimmering altar of Xom.
   570 | D        | Found an opulent altar of Gozag.
   570 | D        | Found an ancient bone altar of Kikubaaqudgha.
   570 | D        | Found a glowing silver altar of Zin.
   570 | D        | Noticed a yak
   577 | D        | Killed a yak
   577 | D        | Reached skill level 11 in Fighting
   577 | D        | Reached XP level 7. HP: 49/88 MP: 7/7
   578 | D        | Found an iron altar of Okawaru.
   706 | D        | Found a bloodstained altar of Trog.
   763 | D        | Found a viscous altar of Jiyva.
   763 | D        | Found a blossoming altar of Fedhas.
   763 | D        | Noticed a slime creature
   764 | D        | Found a snail-covered altar of Cheibriados.
   764 | D        | Found a shadowy altar of Dithmenos.
   769 | D        | Killed a slime creature
   769 | D        | Reached skill level 12 in Fighting
   993 | D        | Noticed a kobold demonologist
   994 | D        | Noticed a kobold demonologist
   999 | D        | Killed a kobold demonologist
   999 | D        | Reached skill level 13 in Fighting
   999 | D        | Reached skill level 1 in Stealth
   999 | D        | Reached XP level 8. HP: 102/102 MP: 8/8
  1000 | D        | Noticed a hellwing
  1002 | D        | Killed a kobold demonologist
  1002 | D        | Acquired Trog's third power
  1064 | D        | Noticed Sonja
  1068 | D        | Killed Sonja
  1068 | D        | Reached skill level 14 in Fighting
  1068 | D        | Reached skill level 10 in Dodging
  1340 | D        | Found Icuitian's Assorted Antiques.
  1348 | D        | Bought a potion of curing for 57 gold pieces
  1348 | D        | Bought a potion of heal wounds for 95 gold pieces
  1348 | D        | Bought a potion of curing for 57 gold pieces
  1398 | D        | Noticed a deep troll
  1405 | D        | Killed a deep troll
  1405 | D        | Reached skill level 15 in Fighting
  1405 | D        | Reached skill level 15 in Maces & Flails
  1405 | D        | Reached XP level 9. HP: 115/115 MP: 9/9
  1461 | D        | Noticed a centaur warrior
  1461 | D        | Noticed a centaur warrior
  1475 | D        | Killed a centaur warrior
  1475 | D        | Reached skill level 16 in Fighting
  1478 | D        | Killed a centaur warrior
  1769 | D        | Noticed a wasp
  1770 | D        | Killed a wasp
  1770 | D        | Reached XP level 10. HP: 128/128 MP: 10/10
  1781 | D        | Noticed an oklob plant
  1792 | D        | Found Imegy's Armour Emporium.
  1826 | D        | Noticed a demonic crawler
  1826 | D        | Noticed a demonic crawler
  1826 | D        | Noticed a demonic crawler
  1826 | D        | Noticed a demonic crawler
  1829 | D        | Killed a demonic crawler
  1829 | D        | Reached skill level 17 in Maces & Flails
  1835 | D        | HP: 3/130 [demonic crawler (6)]
  1837 | D        | Killed a demonic crawler
  1837 | D        | Received a gift from Trog
  1841 | D        | Slain by a demonic crawler

Vault maps used:
D:        dungeon_sprint_1

Action                   |  1- 3 |  4- 6 |  7- 9 | 10-12 || total
-------------------------+-------+-------+-------+-------++-------
Melee: Mace              |    26 |       |       |       ||    26
       Giant club        |       |    14 |    32 |     8 ||    54
Invok: Berserk           |       |     1 |     4 |       ||     5
       Brothers in Arms  |       |       |     1 |     1 ||     2
  Use: Potion            |       |       |     3 |     2 ||     5
       Scroll            |       |       |     1 |       ||     1
  Eat: Bread ration      |       |       |     1 |       ||     1
       Chunk             |       |       |     1 |       ||     1
       Meat ration       |       |       |     1 |       ||     1
